 Dungeon Crawl Stone Soup version 0.31-a0-1165-g196b491b36 (webtiles) character file.

Game seed: 3070144505728152819

2341 Stellion the Conjurer (level 9, -2/70 HPs)
             Began as a Black Draconian Conjurer on Dec 9, 2023.
             Slain by Jeremiah the anaconda (10 damage)
             ... on level 6 of the Dungeon.
             The game lasted 00:18:45 (6682 turns).

Stellion the Conjurer (Black Draconian Conjurer)    Turns: 6682, Time: 00:18:46

Health: -2/70      AC: 10    Str: 10    XL:     9   Next: 20%
Magic:  11/17      EV:  9    Int: 22    God:
Gold:   63         SH:  0    Dex: 13    Spells: 1/18 levels left

rFire   . . .        q - +4 sling of Wounding {elec, rPois Will+}
rCold   . . .        E - orb {*channel}
rNeg    . . .        (body armour unavailable)
rPois   +            (helmet restricted)
rElec   +            v - +0 cloak
rCorr   .            (no gloves)
SInv    .            j - +1 pair of boots
Will    +....        (no amulet)
Stlth   ++           B - ring of Vaarchoa {Wiz Dex+3}
HPRegen 0.31/turn    F - +4 ring of slaying
MPRegen 0.15/turn

%: wizardry (x1), channel magic (20%)
@: brilliant, constricted, studying Long Blades
A: breathe lightning, AC +7, unfitting armour, electricity resistance,
cold-blooded
a: Breathe Lightning


You were on level 6 of the Dungeon.
You visited 1 branch of the dungeon, and saw 6 of its levels.

You collected 283 gold pieces.
You spent 220 gold pieces at shops.

Inventory:

Hand Weapons
 b - a +0 short sword of protection
 m - a +1 dagger of draining
 q - the +4 sling of Wounding (weapon) {elec, rPois Will+}
   (You found it on level 2 of the Dungeon)

   rPois:     It protects you from poison Will+: It increases your willpower.
 D - a +2 heavy trident
Missiles
 o - a throwing net
 r - 13 curare-tipped darts
 y - 4 poisoned darts
Armour
 j - a +1 pair of boots (worn)
 v - a +0 cloak (worn)
 E - an orb of energy (worn)
Jewellery
 B - the ring of Vaarchoa (left hand) {Wiz Dex+3}
   (You found it on level 4 of the Dungeon)

   [ring of wizardry]

   Wiz:       It improves your spell success rate.
   Dex+3:     It affects your dexterity (+3).
 F - a +4 ring of slaying (right hand)
Talismans
 h - a blade talisman
 s - a beast talisman
Wands
 u - a wand of flame (27)
 C - a wand of polymorph (6)
Scrolls
 c - 5 scrolls of teleportation
 g - 4 scrolls of revelation
 n - a scroll of fear
 x - a scroll of amnesia
Potions
 a - a potion of magic
 d - a potion of lignification
 e - a potion of enlightenment {unknown}
 f - a potion of degeneration {unknown}
 i - 2 potions of mutation
 k - a potion of brilliance
 p - 2 potions of curing
 t - 2 potions of cancellation
 w - a potion of invisibility {unknown}
 z - a potion of attraction {unknown}
 A - a potion of haste {unknown}


   Skills:
 + Level 3.2 Fighting
 + Level 0.6 Short Blades
 + Level 5.9 Ranged Weapons
 + Level 0.1 Throwing
 + Level 2.8 Dodging
 + Level 3.0 Stealth
 + Level 5.4 Spellcasting
 + Level 7.3 Conjurations
 * Level 1.6 Necromancy
 * Level 3.3 Air Magic
 + Level 0.3 Evocations


You had one spell level left.
You knew the following spells:

 Your Spells              Type           Power      Damage    Failure   Level
a - Magic Dart            Conj           100%       1d8       1%          1
b - Searing Ray           Conj           100%       2d8       1%          2
c - Blink                 Tloc           16%        N/A       13%         2
d - Maxwell's Capacitive  Air            15%        ∞         100%        8
e - Dispel Undead         Necr           19%        3d11      34%         4

Your spell library contained the following spells:

 Spells                   Type           Power      Damage    Failure   Level
 Kiss of Death            Conj/Necr      100%       2d13      2%          1
 Freeze                   Ice            32%        1d5       10%         1
 Dazzling Flash           Conj/Hex       66%        N/A       7%          3
 Hailstorm                Conj/Ice       33%        3d8       7%          3
 Fulminant Prism          Conj/Hex       16%        3d11      19%         4
 Iskenderun's Mystic Bla  Conj/Tloc      33%        2d8       19%         4
 Confusing Touch          Hex            8%         N/A       22%         3
 Frozen Ramparts          Ice            16%        1d3       22%         3
 Volatile Blastmotes      Fire/Tloc      16%        2d11      22%         3
 Manifold Assault         Tloc           8%         N/A       52%         4
 Starburst                Conj/Fire      16%        6d6       86%         6


Dungeon Overview and Level Annotations

Branches:
Dungeon (6/15)
 Temple: D:4-7

Altars:
Fedhas
Kikubaaqudgha
Nemelex Xobeh
Trog
Xom

Shops:
D:6 :

Annotations:
D:4 2 transporters
D:6 1 runed translucent door, Jeremiah


Innate Abilities, Weirdness & Mutations

You can breathe wild blasts of lightning.
Your glossy black scales are hard. (AC +7)
You cannot fit into any form of body armour.
You are resistant to electric shocks. (rElec)
You are cold-blooded and may be slowed by cold attacks.


Message History

Jeremiah is lightly wounded.
Casting: Magic Dart (safe; 1% risk of failure)
Confirm with . or Enter, or press ? or * to list all spells.
Aiming: Searing Ray (safe; 1% risk of failure)
Press: ? - help, Shift-Dir - straight line, f/p - Jeremiah
Aim: Jeremiah the anaconda (lightly wounded, 70% to hit)
You feel a surge of power!
The searing ray hits Jeremiah!
Jeremiah is moderately wounded. (Press . to maintain the ray.)
The searing ray hits Jeremiah!
Jeremiah is heavily wounded.
Jeremiah closely misses you. Jeremiah bites you.
The searing ray hits Jeremiah!
Jeremiah is severely wounded.
Jeremiah barely misses you. Jeremiah completely misses you.
The searing ray misses Jeremiah.
You finish channelling your searing ray.
Jeremiah grabs you. Jeremiah bites you but does no damage.
Jeremiah constricts you. Jeremiah completely misses you.
Jeremiah constricts you.
Casting: Searing Ray (safe; 1% risk of failure)
Confirm with . or Enter, or press ? or * to list all spells.
Aiming: Searing Ray (safe; 1% risk of failure)
Press: ? - help, Shift-Dir - straight line, f/p - Jeremiah
Aim: Jeremiah the anaconda (severely wounded, constricting you, 70% to hit)
You feel a surge of power!
The searing ray hits Jeremiah!
Jeremiah is severely wounded. (Press . to maintain the ray.) Jeremiah bites you.
* * * LOW HITPOINT WARNING * * *
Jeremiah constricts you.
* * * LOW HITPOINT WARNING * * *
Jeremiah closely misses you. Jeremiah constricts you.
* * * LOW HITPOINT WARNING * * *
The searing ray misses Jeremiah.
Jeremiah bites you.
* * * LOW HITPOINT WARNING * * *
Jeremiah constricts you.
* * * LOW HITPOINT WARNING * * *
Jeremiah bites you!
You die...

### ##+#######.###
##...##..(....# #
##.....#.###.#.# # ## ##........#
#.#.## ##
.####.........###....###########.
....'.........+........>.........
.####.........####...#.#########.
## ##........#####.##.# ##> ##
##.....#..S@...##.# #.. .#
##...###########.# #.. .# ##'##
#.# #.. # #.# #.# #.. #.# #.# #.#
.# ##.## #.# ##.# .#
##...######## #.# #... #####
#...........# #.# ##.#
###.####...######.####.# ###


You could see Jeremiah the anaconda.

Vanquished Creatures
  Maggie (D:6)
  Grinder (D:6)
  Menkaure (D:6)
  A water moccasin (D:5)
  An ice beast (D:5)
  2 ogres
  A centaur (D:4)
  3 phantoms
  A kobold brigand (D:5)
  4 scorpions
  A howler monkey (D:6)
  5 hounds
  A gnoll bouda (D:6)
  4 orc priests
  An orc wizard (D:5)
  3 iguanas
  8 gnolls
  10 adders
  A shadow imp (D:5)
  4 ufetubi
  3 worms
  4 dart slugs
  22 orcs
  8 ball pythons
  8 bats
  A bat zombie (D:3)
  9 endoplasms
  3 giant cockroaches
  8 goblins
  6 hobgoblins
  4 jackals (D:4)
  5 quokkas
  2 frilled lizards
  8 kobolds
  7 rats
152 creatures vanquished.

Notes
Turn   | Place    | Note
-------+----------+-------------------------------------------
     0 | D:1      | Stellion the Draconian Conjurer began the quest for the
                  | Orb.
     0 | D:1      | Reached XP level 1. HP: 14/14 MP: 3/3
   173 | D:1      | Reached XP level 2. HP: 20/20 MP: 3/5
   198 | D:1      | Learned a level 2 spell: Searing Ray
   746 | D:1      | Reached XP level 3. HP: 26/26 MP: 2/6
  1408 | D:2      | Reached skill level 5 in Conjurations
  1613 | D:2      | Reached XP level 4. HP: 33/33 MP: 2/7
  1909 | D:2      | Found a bloodstained altar of Trog.
  2006 | D:2      | Identified the +4 sling of Wounding {elec, rPois Will+}
  2305 | D:3      | Found a faded altar of an unknown god.
  2456 | D:3      | Found an ancient bone altar of Kikubaaqudgha.
  2584 | D:3      | Reached XP level 5. HP: 38/38 MP: 6/9
  2591 | D:3      | Found a blossoming altar of Fedhas.
  2945 | D:4      | Found a transporter.
  2980 | D:4      | Reached skill level 1 in Ranged Weapons
  2990 | D:4      | Found a sparkling altar of Nemelex Xobeh.
  3113 | D:4      | Noticed a kobold demonologist
  3125 | D:4      | Found a transporter.
  3129 | D:4      | Noticed a centaur
  3135 | D:4      | Killed a centaur
  3136 | D:4      | Reached XP level 6. HP: 28/46 MP: 5/11
  3314 | D:4      | Identified the ring of Vaarchoa {Wiz Dex+3}
  3638 | D:5      | Entered Level 5 of the Dungeon
  3828 | D:5      | Noticed a water moccasin
  3834 | D:5      | Killed a water moccasin
  3920 | D:5      | Noticed an ice beast
  3949 | D:5      | Your scales start taking on a glossy black colour.
  3949 | D:5      | Reached XP level 7. HP: 51/51 MP: 8/12
  3949 | D:5      | Gained mutation: You are resistant to electric shocks.
                  | (rElec) [Black Draconian growth]
  3950 | D:5      | Reached skill level 1 in Fighting
  3950 | D:5      | Reached skill level 6 in Conjurations
  3973 | D:5      | Learned a level 2 spell: Blink
  4536 | D:5      | Reached XP level 8. HP: 60/62 MP: 1/14
  4823 | D:5      | Found a shimmering altar of Xom.
  4966 | D:5      | Learned a level 8 spell: Maxwell's Capacitive Coupling
  5210 | D:6      | Reached skill level 5 in Ranged Weapons
  5219 | D:6      | Reached skill level 1 in Air Magic
  5457 | D:6      | Found a runed translucent door.
  5631 | D:6      | Reached skill level 5 in Spellcasting
  5633 | D:6      | Reached skill level 7 in Conjurations
  5778 | D:6      | Found Vearchomn's Book Boutique.
  5786 | D:6      | Bought a book of Touch for 220 gold pieces
  5791 | D:6      | Learned a level 4 spell: Dispel Undead
  5792 | D:6      | Noticed Grinder
  5800 | D:6      | Killed Grinder
  5961 | D:6      | Noticed Maggie
  5972 | D:6      | Killed Maggie
  5973 | D:6      | Reached skill level 1 in Necromancy
  5973 | D:6      | Reached XP level 9. HP: 25/69 MP: 3/17
  6198 | D:6      | Noticed Menkaure
  6203 | D:6      | Killed Menkaure
  6400 | D:6      | Noticed Jeremiah
  6402 | D:6      | Jeremiah changed into Jeremiah the anaconda
  6402 | D:6      | Noticed Jeremiah
  6682 | D:6      | Slain by Jeremiah the anaconda

Illustrated notes

Levels and vault maps discovered:
D:1:      dpeg_arrival_tiny_d, layout_loops_ring, minmay_tetromino_o2
D:2:      layout_loops_ring, basic_altar, mrwooster_statue_mirror
D:3:      layout_rooms, fedhas_altar_1, lemuel_zombie_altar_kikubaaqudgha,
          ebering_ecumenical_altar_mist
D:4:      gammafunk_wand_slinger, layout_loops_ring,
          nemelex_diamond_rough_becter, minmay_misc_feat_iff
D:5:      cheibrodos_fzero, layout_loops_ring, mainiacjoe_overflow_cross_hatched
D:6:      lemuel_insect_pit, layout_loops_corners, serial_shops, shop,
          chequers_decorated_corner, minmay_manual_moon, uniq_grinder,
          uniq_jeremiah, uniq_menkaure, uniq_crazy_yiuf_cottage, uniq_maggie

Skill      XL: |  1  2  3  4  5  6  7  8 |
---------------+-------------------------+-----
Stealth        | 2 3 |  3.0
Conjurations   | 5 6 7 |  7.3
Spellcasting   | 3 4 5 |  5.4
Dodging        | 2 |  2.8
Ranged Weapons | 1 3 4 5 |  5.9
Fighting       | 2 3 |  3.2
Air Magic      | 3 |  3.3
Necromancy     | 1 |  1.6
Short Blades   | |  0.6
Throwing       | |  0.1
Evocations     | |  0.3

Action                     |  1- 3 |  4- 6 |  7- 9 || total
---------------------------+-------+-------+-------++-------
  Melee: Short sword       |    18 |    15 |       ||    33
         Tailslap          |     2 |     1 |       ||     3
   Fire: Sling             |       |    46 |    67 ||   113
  Throw: Dart              |       |     2 |       ||     2
   Cast: Magic Dart        |    82 |    55 |    43 ||   180
         Searing Ray       |       |    10 |    34 ||    44
Ability: Breathe Lightning |       |       |     1 ||     1
  Evoke: Wand              |       |       |     7 ||     7
    Use: Scroll            |       |     8 |     7 ||    15
         Potion            |       |       |     1 ||     1
 Armour: Skin              |    14 |    24 |    62 ||   100
  Dodge: Dodged            |    13 |    39 |    48 ||   100

Table legend: (Time is in decaauts)
 A = Elapsed time spent in this place.
 B = Non-inter-level travel time spent in this place.
 C = Inter-level travel time spent in this place.
 D = Time resting spent in this place.
 E = Time spent auto-exploring this place.
 F = Levels seen in this place.
 G = Mean time per level.
                   A        B        C        D        E       F      G
               +--------+--------+--------+--------+--------+-----+--------+
         Total |   6705 |   6666 |     39 |    966 |   4434 |   6 | 1117.5 |
       Dungeon |   6705 |   6666 |     39 |    966 |   4434 |   6 | 1117.5 |
               +--------+--------+--------+--------+--------+-----+--------+

Top non-repeatable levels by time:
     D:5: 1574 daAuts
     D:6: 1477 daAuts
     D:1: 1295 daAuts
     D:2: 905 daAuts
     D:4: 839 daAuts
     D:3: 613 daAuts
